AoeStats
← 白鹿城拉车车

Nomad

503342635Analyzed
4v4 RM · 1mo ago on Aug 31, 2026· 53m 22s· 8 players
Game mode
Random Map
Map size
231×231
Population
200
Speed
Normal
Resources
Standard
Victory
Conquest
Starting age
Dark Age
Ending age
Imperial Age
RankedLock teamsTeams togetherTeam positionsShared explorationLock speedFull tech treeHidden civsTurbo modeCheats
Victory
Defeat
🇨🇳 Japanese · China
1286
+11
🇨🇳 Spanish · China
1221
+14
🇻🇳 Wei · Vietnam
1212
+14
🇨🇳 Koreans · China
1144
+17
🇰🇿 Vikings · Kazakhstan
1186
-15
🇺🇸 Malay · United States
1176
-14
1169
-14
🇨🇭 Malians · Switzerland
1166
-14
CheJuani10
5:04 Loom
14:46 Feudal Age
14:35 Double-Bit Axe
19:45 Castle Age
18:00 Gold Mining
19:44 Forging
19:39 Scale Barding Armor
24:30 Husbandry
26:33 Iron Casting
30:27 Arson
31:44 Squires
45:58 Imperial Age
44:47 Elite Karambit Warrior
45:48 Conscription
46:32 Blast Furnace
harzer93
6:39 Loom
13:38 Feudal Age
14:22 Fishing Lines
14:54 Double-Bit Axe
18:00 Castle Age
16:46 Stone Mining
16:46 Gold Mining
16:46 Stone Mining
18:04 Horse Collar
19:05 Gold Mining
19:11 Gillnets
20:21 Forging
20:11 Scale Mail Armor
20:41 Bow Saw
21:37 Gold Shaft Mining
21:38 Stone Shaft Mining
31:17 Fortified Wall
30:48 Treadmill Crane
31:00 Light Cavalry
31:51 Bloodlines
33:37 Fletching
33:47 Padded Archer Armor
35:02 Wheelbarrow
35:56 Ballistics
39:01 Imperial Age
37:19 Bodkin Arrow
39:19 Scale Barding Armor
39:50 Iron Casting
42:14 Masonry
41:59 Murder Holes
有点b数吧,好好玩
3:48 Loom
15:09 Feudal Age
16:50 Double-Bit Axe
21:45 Castle Age
19:49 Stone Mining
19:48 Horse Collar
21:28 Wheelbarrow
20:47 Gold Mining
31:27 Imperial Age
32:41 Fletching
33:41 Bow Saw
37:31 Husbandry
39:57 Scale Barding Armor
adinkte
3:57 Loom
13:38 Feudal Age
16:46 Double-Bit Axe
17:34 Horse Collar
22:26 Castle Age
21:17 Gold Mining
21:18 Stone Mining
21:31 Town Watch
22:24 Man-at-Arms
22:50 Arson
23:29 Bow Saw
25:35 Fletching
26:34 Long Swordsman
27:00 Gambesons
28:51 Bodkin Arrow
莫挨老子
10:27 Loom
12:55 Feudal Age
18:29 Castle Age
17:31 Stone Mining
17:38 Horse Collar
18:50 Bloodlines
19:30 Fishing Lines
28:00 Fletching
29:11 Padded Archer Armor
34:18 Wheelbarrow
36:12 Bodkin Arrow
40:24 Leather Archer Armor
44:12 Wheelbarrow
48:01 Husbandry
49:41 Hand Cart
52:36 Imperial Age
51:17 Town Watch
52:46 Elite Conquistador
53:47 Conscription
53:38 Bracer
54:09 Ring Archer Armor
bina
5:07 Loom
12:34 Feudal Age
13:06 Double-Bit Axe
13:32 Horse Collar
15:28 Scale Barding Armor
20:47 Castle Age
19:25 Forging
19:39 Gold Mining
21:54 Bloodlines
21:45 Husbandry
22:25 Iron Casting
27:23 Stone Mining
29:25 Wheelbarrow
29:50 Bow Saw
33:51 Imperial Age
32:30 Chain Barding Armor
34:06 Gold Shaft Mining
33:46 Heavy Plow
34:14 Tuntian
34:04 Heavy Hei Guang Cavalry
35:46 Blast Furnace
36:37 Conscription
38:27 Chemistry
39:05 Ming Guang Armor
39:55 Ballistics
40:07 Treadmill Crane
40:20 Heated Shot
41:07 Hoardings
42:44 Sanctity
42:35 Fervor
43:41 Squires
43:27 Arson
43:51 Fletching
44:02 Padded Archer Armor
44:19 Masonry
45:22 Fishing Lines
47:59 Gillnets
48:12 Spies/Treason
云雾之森
3:57 Loom
4:17 Loom
14:42 Feudal Age
17:58 Gold Mining
20:48 Castle Age
19:47 Double-Bit Axe
21:56 Fletching
22:18 Bow Saw
26:35 Bodkin Arrow
36:44 Wheelbarrow
37:20 Horse Collar
42:35 Imperial Age
40:57 Heavy Plow
42:11 Hand Cart
42:46 Crossbowman
45:17 Two-Man Saw
44:59 Thumb Ring
45:44 Arbalester
47:48 Gold Shaft Mining
47:04 Stone Mining
51:05 Spies/Treason
白鹿城拉车车
13:00 Feudal Age
17:05 Castle Age
14:54 Double-Bit Axe
17:05 Stone Mining
17:59 Medium Warships
18:26 Gold Mining
18:55 Bow Saw
19:30 Loom
23:34 Fishing Lines
25:14 Gillnets
26:09 Scale Mail Armor
26:19 Forging
26:24 Horse Collar
31:01 Wheelbarrow
31:19 Fervor
31:30 Sanctity
35:20 Chain Mail Armor
37:01 Town Watch
38:26 Forging
39:56 Iron Casting
46:04 Arson
46:20 Squires
47:51 Hand Cart
47:39 Heavy Plow
49:00 Gold Shaft Mining
51:36 Imperial Age
49:33 Town Patrol
51:07 Fletching
52:47 Heavy Warships
Connection lost

Rejoining the realm…

Still unreachable

The connection could not be restored.

Session expired

The server has moved on; the page needs a fresh start.